 Dungeon Crawl Stone Soup version 0.32-a0-818-gb728d0252e (webtiles) character file.

Game seed: 12646301629701150857

1712194 Sergey the Evocator (level 27, 309/309 HPs)
             Began as a Barachi Hexslinger on Mar 24, 2024.
             Was the Champion of Dithmenos.
             Escaped with the Orb
             ... and 3 runes on Mar 25, 2024!
             The game lasted 03:28:24 (66529 turns).

Sergey the Evocator (Barachi Hexslinger)           Turns: 66529, Time: 03:28:24

Health: 309/309    AC: 35    Str:  9    XL:     27
Magic:  45/45      EV: 30    Int: 26    God:    Dithmenos [******]
Gold:   4184       SH: 25    Dex: 26    Spells: 34/44 levels left

rFire   + . .        w - +9 double sword (vamp)
rCold   + . .        X - +9 kite shield of Zuvuz {SInv}
rNeg    + . .        O - melded +0 steam dragon scales
rPois   ∞            V - +1 helmet of the Thunderstorm {rC+ Str+3 Int+4}
rElec   +            f - +2 cloak {rCorr}
rCorr   +            d - melded +2 pair of gloves
SInv    +            U - melded +0 pair of boots
Will    ++...        W - amulet of Vitality {Regen++ RegenMP++}
Stlth   +++          N - ring "Irior Ysisu" {rElec rC+}
HPRegen 2.31/turn    Q - ring of Iqoh Waoc {rPois rF+ MP+9 Slay+4}
MPRegen 1.09/turn

%: no passive effects
@: statue-form, wreathed by umbra, studying Air Magic, very slow
A: slow and powerful, torment resistance 1, boosted hp, amphibious, (slowness
1), strong legs 2, +LOS, clever 2, deterioration 1, weak 1, cold vulnerability 1
0: Orb of Zot
}: 3/15 runes: decaying, serpentine, silver
a: Hop, Begin Untransformation, Renounce Religion, Shadow Step, Shadow Form


You escaped.
You worshipped Dithmenos.
Dithmenos was exalted by your worship.
You were a living statue of rough stone.
You visited 9 branches of the dungeon, and saw 47 of its levels.
You also visited: Trove, Volcano and Desolation.

You collected 8311 gold pieces.
You spent 4127 gold pieces at shops.

Inventory:

Hand Weapons
 e - the +2 dagger of Bapoani {freeze, rN+ Will+ MP+9}
   (You found it in the Desolation of Salt)

   rN+:       It protects you from negative energy.
   Will+:     It increases your willpower.
   MP+9:      It affects your magic capacity (+9).
 q - the +10 zealot's sword {holy, Zealotry, *Rage rN+ EV+3}
   (You took it off a deep elf elementalist on level 3 of the Elven Halls)

   Zealotry:  Whenever the wielder enters a berserk rage, their allies are
   berserked alongside them.
   EV+3:      It affects your evasion (+3).
   rN+:       It protects you from negative energy.
   *Rage:     It berserks you when you make melee attacks (+20% chance).
 w - a +9 vampiric double sword (weapon)
Missiles
 h - 5 curare-tipped darts (quivered)
 j - 3 throwing nets
Armour
 d - a +2 pair of gloves (melded)
 f - a +2 cloak of preservation (worn)
 s - a +2 kite shield of cold resistance
 O - +0 steam dragon scales (melded)
 U - a +0 pair of boots (melded)
 V - the +1 helmet of the Thunderstorm (worn) {rC+ Str+3 Int+4}
   (You found it on level 3 of the Vaults)

   Str+3:     It affects your strength (+3).
   Int+4:     It affects your intelligence (+4).
   rC+:       It protects you from cold.
 X - the +9 kite shield of Zuvuz (worn) {SInv}
   (You found it on level 3 of the Depths)

   SInv:      It lets you see invisible.
Jewellery
 a - a ring of see invisible
 k - the ring "Jas Xego" {rN+ rCorr Int+6 Dex+3}
   (You found it in a treasure trove)

   [ring of intelligence]

   Int+6:     It affects your intelligence (+6).
   Dex+3:     It affects your dexterity (+3).
   rN+:       It protects you from negative energy.
   rCorr:     It protects you from acid and corrosion.
 l - a ring of willpower
 z - a ring of willpower
 D - a ring of protection from fire
 N - the ring "Irior Ysisu" (left fist) {rElec rC+}
   (You took it off a deep elf demonologist on level 3 of the Elven Halls)

   [ring of protection from cold]

   rC+:       It protects you from cold.
   rElec:     It insulates you from electricity.
 Q - the ring of Iqoh Waoc (right fist) {rPois rF+ MP+9 Slay+4}
   (You found it in the Desolation of Salt)

   [ring of magical power]

   Slay+4:    It affects your accuracy & damage with ranged weapons and melee
   (+4).
   rF+:       It protects you from fire.
   rPois:     It protects you from poison.
   MP+9:      It affects your magic capacity (+9).
 T - a +4 ring of protection
 W - the amulet of Vitality (around neck) {Regen++ RegenMP++}
   (You found it on level 4 of the Lair of Beasts)

   [amulet of nothing]

   Regen++:   It increases your rate of health regeneration.
   RegenMP++: It increases your rate of magic regeneration.
Talismans
 J - a granite talisman (active)
Wands
 c - a wand of quicksilver (12)
 i - a wand of iceblast (1)
 v - a wand of digging (3)
 M - a wand of charming (20)
Scrolls
 b - 5 scrolls of revelation {@r5}
 m - 2 scrolls of butterflies
 n - 4 scrolls of teleportation {@r3}
 o - 4 scrolls of vulnerability {!r}
 r - 6 scrolls of blinking {@r4}
 C - 2 scrolls of enchant armour
 G - 8 scrolls of brand weapon
 H - 3 scrolls of silence {!r}
 I - 4 scrolls of fear
 P - 5 scrolls of fog {@r2}
 Z - 7 scrolls of immolation
Potions
 p - 3 potions of invisibility
 t - a potion of might {@q3}
 u - 10 potions of heal wounds {@q1}
 x - 13 potions of curing {@q2}
 A - 5 potions of magic
 E - 4 potions of brilliance
 F - 4 potions of ambrosia
 K - 3 potions of mutation
 L - 2 potions of haste {@q5}
 S - 7 potions of cancellation
 Y - 8 potions of enlightenment
Miscellaneous
 g - a phantom mirror
 y - a phial of floods
 B - a tin of tremorstones (inert)
 R - a lightning rod (4/4)


   Skills:
 - Level 24.0 Fighting
 - Level 6.0(13.2) Short Blades
 - Level 19.6(20.0) Long Blades
 - Level 2.0 Ranged Weapons
 - Level 9.0 Armour
 - Level 20.0 Dodging
 - Level 6.0 Stealth
 - Level 16.0 Shields
 - Level 9.0 Spellcasting
 - Level 10.0 Conjurations
 - Level 3.2 Hexes
 - Level 1.1 Fire Magic
 - Level 10.0 Alchemy
 - Level 12.0 Invocations
 + Level 24.9 Evocations
 - Level 18.0 Shapeshifting


You had 34 spell levels left.
You knew the following spells:

 Your Spells              Type           Power      Damage    Failure   Level
h - Passwall              Erth           11%        N/A       32%         3
r - Irradiate             Conj/Alch      29%        3d21      4%          5
x - Jinxbite              Hex            56%        N/A       4%          2

Your spell library contained the following spells:

 Spells                   Type           Power      Damage    Failure   Level
 Kiss of Death            Conj/Necr      100%       2d13      1%          1
 Magic Dart               Conj           100%       1d8       1%          1
 Shock                    Conj/Air       100%       1d9       1%          1
 Sting                    Conj/Alch      100%       1d9       1%          1
 Mercury Vapours          Alch/Air       74%        N/A       1%          2
 Momentum Strike          Conj/Tloc      74%        3d10      1%          2
 Searing Ray              Conj           100%       2d8       1%          2
 Static Discharge         Conj/Air       74%        3-7/arc   1%          2
 Fulminant Prism          Conj/Alch      29%        3d13      1%          4
 Olgreb's Toxic Radiance  Alch           59%        N/A       1%          4
 Dazzling Flash           Conj/Hex       92%        N/A       2%          3
 Mephitic Cloud           Conj/Alch/Air  46%        N/A       2%          3
 Hailstorm                Conj/Ice       37%        3d9       4%          3
 Stone Arrow              Conj/Erth      74%        3d11      4%          3
 Ensorcelled Hibernation  Hex/Ice        40%        N/A       9%          2
 Confusing Touch          Hex            28%        N/A       9%          3
 Sigil of Binding         Hex            28%        N/A       9%          3
 Tukima's Dance           Hex            28%        N/A       9%          3
 Apportation              Tloc           22%        N/A       11%         1
 Necrotise                Necr           44%        1d6       11%         1
 Sandblast                Erth           22%        2d7       11%         1
 Summon Small Mammal      Summ           44%        N/A       11%         1
 Ignite Poison            Fire/Alch      40%        N/A       11%         4
 Sticky Flame             Fire/Alch      40%        2d8       11%         4
 Inner Flame              Hex/Fire       23%        N/A       13%         3
 Brom's Barrelling Bould  Conj/Erth      37%        2d6       14%         4
 Iskenderun's Mystic Bla  Conj/Tloc      37%        2d9       14%         4
 Petrify                  Alch/Erth      37%        N/A       14%         4
 Blink                    Tloc           22%        N/A       16%         2
 Lesser Beckoning         Tloc           22%        N/A       16%         2
 Volatile Blastmotes      Fire/Tloc      28%        2d12      26%         3
 Cause Fear               Hex            14%        N/A       28%         4
 Frozen Ramparts          Ice            22%        1d4       32%         3
 Fugue of the Fallen      Necr           11%        N/A       32%         3
 Gell's Gravitas          Tloc           11%        N/A       32%         3
 Ozocubu's Armour         Ice            11%        N/A       32%         3
 Summon Ice Beast         Ice/Summ       11%        N/A       32%         3
 Swiftness                Air            11%        N/A       32%         3
 Teleport Other           Tloc           11%        N/A       32%         3
 Arcjolt                  Conj/Air       18%        1d28      36%         5
 Anguish                  Hex/Necr       10%        N/A       50%         4
 Dimensional Bullseye     Hex/Tloc       10%        N/A       50%         4
 Freezing Cloud           Conj/Ice/Air   14%        6-21      61%         5
 Airstrike                Air            5%         2d(1-17)  71%         4
 Dispel Undead            Necr           11%        3d9       71%         4
 Passage of Golubria      Tloc           11%        N/A       71%         4
 Summon Lightning Spire   Summ/Air       11%        N/A       71%         4
 Vhi's Electric Charge    Tloc/Air       22%        N/A       71%         4
 Metabolic Englaciation   Hex/Ice        10%        N/A       83%         5
 Silence                  Hex/Air        10%        N/A       83%         5
 Bombard                  Conj/Erth      18%        9d4       91%         6
 Conjure Ball Lightning   Conj/Air       18%        3x3d6     91%         6
 Sculpt Simulacrum        Ice/Alch       18%        N/A       91%         6
 Curse of Agony           Necr           11%        N/A       96%         5
 Summon Forest            Summ/Tloc      5%         N/A       96%         5
 Permafrost Eruption      Ice/Erth       5%         2x4d3     100%        6
 Plasma Beam              Fire/Air       7%         2x1d17    100%        6
 Enfeeble                 Hex            14%        N/A       100%        7
 Haunt                    Necr/Summ      5%         N/A       100%        7
 Malign Gateway           Summ/Tloc      5%         N/A       100%        7
 Ignition                 Fire           8%         3d5       100%        8
 Lehudib's Crystal Spear  Conj/Erth      18%        10d6      100%        8
 Chain Lightning          Conj/Air       18%        3d24      100%        9
 Dragon's Call            Summ           5%         N/A       100%        9
 Fire Storm               Conj/Fire      20%        8d5       100%        9
 Shatter                  Erth           5%         3d8*      100%        9
 Sublimation of Blood     Necr           Unusable   N/A       N/A         2

Dungeon Overview and Level Annotations

Branches:
Dungeon (15/15)            Temple (0/1) D:4            Lair (5/5) D:10
  Swamp (4/4) Lair:3        Snake (4/4) Lair:2        Slime (0/5) Lair:4
    Orc (2/2) D:9             Elf (3/3) Orc:2        Vaults (5/5) D:14
  Crypt (0/3) Vaults:2     Depths (4/4) D:15            Zot (5/5) Depths:4
Volcano (visited)         Desolation (visited)

Altars:
Cheibriados
Dithmenos
Elyvilon
Fedhas
Gozag
Sif Muna
Wu Jian
Yredelemnul
Zin
The Shining One
Beogh
Jiyva

Shops:
D:5 !   D:7 (   D:10 [   D:15 =   Orc:2 ([*=   Elf:1 *   Elf:2 (   Snake:4 :
Vaults:2 [   Vaults:4 (*   Vaults:5 ?

Portals:
Hell: Depths:1 Depths:2 Depths:3 Depths:4
Abyss: Depths:2 Depths:3
Pandemonium: Depths:1 Depths:2
Ziggurat: Depths:3

Annotations:
D:3 17 exclusions
D:6 Jeremiah
D:9 exclusion: downstairs
D:12 exclusion: downstairs
D:13 exclusion: 2 downstairs
Lair:2 exclusions: downstairs and 1 more exclusion
Lair:3 exclusion: oklob plant
Lair:4 exclusion: downstairs
Swamp:2 1 runed translucent door
Snake:1 Jorgrun
Snake:2 exclusion: naga mage, Frances
Snake:3 exclusion: upstairs
Depths:3 1 exclusion
Depths:4 exclusions: 7 doors and glowing orange brain, Vv
Zot:5 4 transporters


Innate Abilities, Weirdness & Mutations

You are a living statue of rough stone.
Your actions are slow, but your melee attacks are powerful.
You are resistant to unholy torment.
Your maximum health is greatly increased.
Your equipment is partially melded.
You are amphibious.
You are immune to poison.
((You cover ground slowly.))
You can hop long distances.
You have an extended range of vision and can be seen from far away.
Your mind is very acute. (Int +8, Str/Dex -2)
Your body sometimes deteriorates upon taking damage.
You are weak. (Str -2)
You are vulnerable to cold. (rC-)


Message History

The hell hog is severely wounded.
The hell hog misses you. The hell hog breathes fire at you.
The fireball explodes!
The fireball engulfs you! You resist.
The fireball engulfs the hell hog.
The hell hog completely resists.
The fireball engulfs the hell hog.
The hell hog completely resists.
You block the orange demon's attack. You block the hell hog's attack. x2
You slice the hell hog!!
You kill the hell hog!
Dithmenos accepts your kill. You block the hell hog's attack.
You block the orange demon's attack. You block the hell hog's attack.
You carve the hell hog like the proverbial ham!!!
The hell hog is severely wounded.
Your shadow hits the hell hog with a double sword.
The orange demon completely misses you. You block the hell hog's attack.
The orange demon closely misses you.
You carve the hell hog like the proverbial ham!!!
You kill the hell hog!
Dithmenos accepts your kill. You block the orange demon's attack.
You block the orange demon's attack. x2
Things that are here:
a hell hog corpse; a hell hog corpse You barely miss the orange demon.
Your shadow hits the orange demon but does no damage.
You block the orange demon's attack. x3; The orange demon closely misses you.
You carve the orange demon like a ham!!!!
You kill the orange demon!
Dithmenos accepts your kill.
No target in view!
No target in view!
There is a stone staircase leading up here.
You climb upwards.
There is a stone staircase leading down here.
There is a staircase leading out of the dungeon here.
There is a staircase leading out of the dungeon here.
Unknown command.
Unknown command.
You have escaped!

..(..^.#....#..#.##..### ##
....#÷...####..#.##....##########
....#..........#.###.#...........
....#......>..##.###.#.........##
..............#...##.............
.....#.#....#.#...##.#.####......
.....#.###..###...##...####......
.....#.# #..##.....#......'...)..
.....#.# #..##..I..########......
.....#.###..##.....# #......
............###...## #....).
.....#.####.# #...# #......
##+#.....##.# #...# #......
#.[.#.####.# ##.## #######
###.#.# #.# #.# #.### #.# #.#
######### #.####)##


There were no monsters in sight!

Vanquished Creatures
  3 dread liches
  Frederick (Vaults:5)
  4 orbs of fire
  An ancient lich (Vaults:5)
  3 juggernauts (Depths:2)
  Mara (Depths:1)
  Sojobo (Depths:4)
  3 Killer Klowns
  Boris (twice) (Vaults:4 D:7)
  3 curse toes
  Margery (Depths:4)
  Saint Roka (Snake:3)
  Nikola (Snake:3)
  Vashnia (Snake:2)
  8 golden dragons
  A profane servitor (Zot:5)
  the Enchantress (Depths:4)
  Norris (Vaults:2)
  An electric golem (Zot:5)
  A hellephant (Depths:3)
  21 Orb Guardians
  13 tentacled monstrosities
  7 liches
  A walking frostbound tome (Depths:2)
  A walking earthen tome (Depths:2)
  8 quicksilver dragons
  6 titans
  A searing wretch (Depths:4)
  A deep elf master archer (Elf:3)
  8 sphinxes
  An Executioner (D:6)
  Aizul (Snake:3)
  9 death cobs
  15 tengu reavers
  9 shadow dragons
  15 storm dragons
  7 draconian monks
  2 thorn hunters (Swamp:4)
  A daeva (D:3)
  Donald (Swamp:4)
  3 nagarajas
  A hydra zombie (Swamp:4)
  22 vault wardens
  11 fire giants
  3 imperial myrmidons (Desolation)
  11 frost giants
  13 draconian knights
  An iron dragon (Depths:2)
  3 spectral caustic shrikes (Depths:4)
  10 deep elf sorcerers
  10 draconian scorchers
  8 draconian shifters
  3 ghost moths
  2 balrugs
  4 ghouls
  The ghost of Roesadwodu the Earth Mage, a journeyman GrEE of Gozag (D:14)
  Louise (Snake:1)
  A cacodemon (Zot:5)
  8 deep elf elementalists
  An angel (Zot:5)
  A demonspawn corrupter (Zot:2)
  4 draconian annihilators
  3 orc warlords
  18 very ugly things
  4 draconian stormcallers (Zot:1)
  A reaper (Zot:2)
  21 ironbound preservers
  2 formless jellyfish
  7 ironbound thunderhulks
  4 spriggan defenders
  16 stone giants
  2 vampire knights
  5 deep elf demonologists
  8 eleionomae
  5 deep elf death magi (Elf:3)
  16 white draconians
  A lorocyproca (D:15)
  19 green draconians
  15 black draconians
  7 deep elf annihilators
  10 dire elephants
  2 halazid warlocks (Desolation)
  18 red draconians
  6 bunyips
  11 purple draconians
  9 yellow draconians
  6 spark wasps
  2 war gargoyles
  A blizzard demon (Depths:1)
  11 ettins
  2 jiangshi (Depths:3)
  A green death (Zot:5)
  A merfolk javelineer (Depths:1)
  12 fire dragons
  10 yaktaur captains
  2 crystal guardians
  8 deep elf high priests
  6 servants of whispers (Desolation)
  3 ragged hierophants (Desolation)
  8 shambling mangroves
  7 ice dragons
  6 spriggan air magi
  4 rakshasas (Depths:2)
  43 vault guards
  10 salamander tyrants
  14 hydras
  8 peacekeepers
  4 great orbs of eyes
  15 alligators
  A hell beast (D:2)
  13 ironbound frosthearts
  25 centaur warriors
  A merfolk avatar (Lair:5)
  2 ghost crabs
  2 ogre magi
  Erica (D:10)
  7 anacondas
  A catoblepas (Lair:1)
  8 two-headed ogres
  21 dancing weapons
  5 boulder beetles
  4 death yaks
  A death knight (D:13)
  5 deep troll shamans
  The ghost of MirrMurr the Magician, a novice GnWr of Okawaru (D:8)
  An occultist (Depths:2)
  11 hell hogs
  9 deep troll earth magi
  3 vampire magi
  12 spriggan berserkers
  5 tengu warriors
  21 naga warriors
  4 orc high priests
  15 deep elf knights
  9 shock serpents
  13 naga sharpshooters
  A soul eater (Depths:1)
  10 sun demons
  55 deep trolls
  14 hell knights
  5 iron trolls (Depths:3)
  5 skeletal warriors
  4 sixfirhies
  2 goliath frogs
  A sea snake (Lair:5)
  6 skysharks
  8 salamander mystics
  2 shadow demons
  6 glowing orange brains
  8 naga ritualists
  4 bog bodies
  10 mana vipers
  A flayed ghost (Depths:2)
  9 arcanists
  6 lindwurms
  A sun moth (shapeshifter) (Vaults:5)
  4 spriggan druids
  5 necromancers
  4 swamp dragons
  3 spectral hydras (Swamp:4)
  5 deep elf archers
  25 ironbound convokers
  3 phantasmal warriors (Vaults:5)
  3 thermic dynamos
  20 deep elf pyromancers
  4 harpies (Vaults:2)
  13 orc knights
  7 orc sorcerers
  25 salamanders
  20 deep elf zephyrmancers
  45 ugly things
  5 manticores
  5 cyclopes
  24 moths of wrath
  A meliai (shapeshifter) (D:13)
  3 oklob plants (Swamp:4)
  2 will-o-the-wisps
  2 kobold blastminers
  A meliai (D:13)
  33 black mambas
  3 elephants (Lair:5)
  10 guardian serpents
  23 naga magi
  21 vault sentinels
  2 orange demons
  2 torpor snails
  3 molten gargoyles (Desolation)
  4 gargoyles
  A kobold demonologist (D:12)
  3 unseen horrors
  7 cane toads
  5 rime drakes
  19 yaktaurs
  6 tengu conjurers
  6 freezing wraiths
  13 komodo dragons
  An ice devil (Zot:2)
  6 trolls
  A merfolk (shapeshifter) (Depths:2)
  4 tyrant leeches
  A troll (shapeshifter) (Vaults:5)
  30 hornets
  A hydra skeleton (Swamp:4)
  5 polar bears
  44 saltlings
  A blink frog (shapeshifter) (D:14)
  12 blink frogs
  4 air elementals
  25 slime creatures
  8 water elementals
  15 spriggans
  A fire bat (shapeshifter) (D:15)
  2 wraiths (D:13)
  4 shadows
  5 wyverns
  2 fire bats (Volcano)
  7 basilisks
  43 yaks
  4 fire elementals
  8 wargs
  3 steam dragons
  A redback (shapeshifter) (Depths:2)
  16 swamp worms
  13 vampire mosquitoes
  39 nagas
  An acid dragon (D:10)
  Duvessa (D:4)
  13 water moccasins
  3 hell hounds (Zot:5)
  2 hydra simulacra (Swamp:4)
  8 swamp drakes
  6 ice beasts
  33 orc warriors
  A sky beast (D:7)
  A black bear (D:5)
  A tengu (shapeshifter) (Vaults:5)
  3 boggarts (Vaults:1)
  2 swamp dragon skeletons (Swamp:4)
  14 centaurs
  11 ogres
  7 wolves
  2 phantoms (D:5)
  An elf simulacrum (Vaults:2)
  15 bullfrogs
  2 kobold brigands
  An earth elemental (Elf:3)
  6 scorpions
  2 wights (D:8)
  A hornet simulacrum (D:15)
  Dowan (D:4)
  4 killer bees (D:8)
  3 howler monkeys
  5 lava snakes (Volcano)
  3 hounds
  27 orc priests
  A jelly (D:6)
  4 iguanas
  30 orc wizards
  6 gnolls
  4 swamp drake zombies (Swamp:4)
  11 adders
  2 river rats (D:3)
  5 shadow imps
  A swamp drake skeleton (Swamp:4)
  3 ufetubi
  3 ribbon worms
  A dart slug (D:3)
  95 orcs
  11 endoplasms
  4 giant cockroaches
  6 goblins
  5 hobgoblins
  6 jackals (D:4)
  2 quokkas
  6 ball pythons
  3 frilled lizards
  20 kobolds
  6 rats
2153 creatures vanquished.

Vanquished Creatures (collateral kills)
  A golden dragon (Zot:1)
  A vault warden (Vaults:2)
  A red draconian (Zot:1)
  A dire elephant (Lair:5)
  A centaur warrior (Vaults:3)
  A two-headed ogre (D:10)
  A skyshark (Lair:5)
  Sonja (D:13)
  2 sea snakes (Lair:5)
  A black mamba (Snake:4)
  A rime drake (Lair:5)
  A cane toad (Lair:5)
  2 blink frogs (Lair:5)
  A yak (D:8)
  A water moccasin (Lair:5)
  A bullfrog (Lair:4)
  2 wights (D:8)
  An orc priest (D:9)
  2 orcs
23 creatures vanquished.

Vanquished Creatures (others)
  2 death cobs
  A tengu reaver (Depths:4)
  A frost giant (Depths:2)
  A vault warden (Vaults:3)
  2 draconian knights
  A black draconian (Zot:2)
  A purple draconian (Depths:4)
  An ettin (Vaults:5)
  2 vault guards
  A hydra (Lair:4)
  An ogre mage (Vaults:5)
  An alligator (Swamp:3)
  A centaur warrior (D:13)
  An occultist (Depths:2)
  A deep elf knight (Elf:2)
  A hell knight (Depths:2)
  A skyshark (Vaults:2)
  A deep elf pyromancer (Elf:2)
  A moth of wrath (Zot:3)
  A salamander (Snake:4)
  A black mamba (Snake:1)
  A rime drake (Lair:5)
  2 bloated husks
  A polar bear (Lair:5)
  A wind drake (Lair:5)
  A snapping turtle (Lair:5)
  A yak (D:8)
  A vampire mosquito (Swamp:1)
  A wight (D:8)
  An orc priest (D:8)
  3 orcs
  8 foxfires (Swamp:3)
45 creatures vanquished.

Grand Total: 2221 creatures vanquished

Notes
Turn   | Place    | Note
-------+----------+-------------------------------------------
     0 | D:1      | Sergey the Barachi Hexslinger began the quest for the Orb.
     0 | D:1      | Reached XP level 1. HP: 15/15 MP: 2/2
   192 | D:1      | Reached skill level 1 in Stealth
   350 | D:1      | Reached XP level 2. HP: 21/21 MP: 3/3
   373 | D:1      | Learned a level 2 spell: Jinxbite
  1955 | D:2      | Found a faded altar of an unknown god.
  1966 | D:2      | Reached XP level 3. HP: 23/27 MP: 4/4
  1988 | D:2      | Prayed at the altar of an unknown god.
  1988 | D:2      | Became a worshipper of Dithmenos the Shadowed
  1988 | D:2      | Reached * piety under Dithmenos
  3956 | D:2      | Found a shadowy altar of Dithmenos.
  4469 | D:3      | Reached skill level 1 in Short Blades
  4469 | D:3      | Reached XP level 4. HP: 33/33 MP: 5/5
  4585 | D:3      | Identified the +2 leather armour of Luzav {rF- Str+4 Dex-2
                  | SInv}
  5308 | D:4      | Found a staircase to the Ecumenical Temple.
  5308 | D:4      | Noticed Duvessa
  5326 | D:4      | Reached XP level 5. HP: 35/41 MP: 6/6
  5411 | D:4      | Reached ** piety under Dithmenos
  5416 | D:4      | Found an ornate altar of the Wu Jian Council.
  5460 | D:4      | Found a shimmering blue altar of Sif Muna.
  5461 | D:4      | Found a shadowy altar of Dithmenos.
  5483 | D:4      | Identified the +3 scale mail of Moral Flaws {Fly Stlth+}
  5599 | D:4      | Reached XP level 6. HP: 48/48 MP: 7/7
  5615 | D:4      | Found an opulent altar of Gozag.
  5616 | D:4      | Found a white marble altar of Elyvilon.
  6239 | D:5      | Entered Level 5 of the Dungeon
  6240 | D:5      | Noticed a black bear
  6339 | D:5      | Found Woithunu's Distillery.
  6348 | D:5      | Bought a potion of might for 52 gold pieces
  6348 | D:5      | Bought a potion of heal wounds for 65 gold pieces
  6348 | D:5      | Bought a potion of curing for 39 gold pieces
  6348 | D:5      | Bought a potion of lignification for 39 gold pieces
  6555 | D:5      | Reached XP level 7. HP: 55/55 MP: 8/8
  6569 | D:5      | Reached skill level 5 in Fighting
  6947 | D:5      | Got the Reference Book on the Familiar and Anemomancy
  7221 | D:4      | Noticed Dowan
  8211 | D:6      | Reached skill level 5 in Short Blades
  8274 | D:6      | Noticed a steam dragon
  8372 | D:6      | Noticed Jeremiah
  8421 | D:6      | Noticed a steam dragon
  8574 | D:6      | Reached XP level 8. HP: 41/64 MP: 9/9
  9016 | D:6      | Noticed a boulder beetle
  9025 | D:6      | Killed a boulder beetle
  9026 | D:6      | Reached skill level 5 in Dodging
  9190 | D:6      | Reached XP level 9. HP: 73/73 MP: 10/10
  9390 | D:6      | Identified the +2 scale mail of Cesel {Harm +Blink Regen+
                  | Dex-3}
 10102 | D:4      | Reached skill level 1 in Invocations
 10327 | D:4      | Killed Duvessa
 10329 | D:4      | Killed Dowan
 10559 | D:7      | Reached skill level 5 in Evocations
 10722 | D:7      | Reached *** piety under Dithmenos
 10725 | D:7      | Found Kiurot's Hydra Hut.
 10988 | D:7      | Noticed a seven-headed hydra
 11979 | D:8      | Reached skill level 10 in Fighting
 12112 | D:8      | Reached XP level 10. HP: 82/85 MP: 11/11
 12129 | D:8      | Reached skill level 1 in Long Blades
 12327 | D:8      | Found a runed translucent door.
 12408 | D:8      | Noticed a centaur warrior
 12409 | D:8      | Noticed MirrMurr's ghost (novice GnWr)
 12659 | D:8      | Reached **** piety under Dithmenos
 13640 | D:9      | Paralysed by a hornet for 3 turns
 13785 | D:9      | Reached skill level 5 in Long Blades
 13970 | D:9      | Found a staircase to the Orcish Mines.
 14170 | D:9      | Noticed a two-headed ogre
 14187 | D:9      | Killed a two-headed ogre
 14297 | D:10     | Entered Level 10 of the Dungeon
 14353 | D:10     | Noticed a two-headed ogre
 14367 | D:10     | Noticed Erica
 14491 | D:10     | Noticed a cyclops
 14976 | D:5      | Bought a potion of heal wounds for 65 gold pieces
 14976 | D:5      | Bought a potion of berserk rage for 65 gold pieces
 14976 | D:5      | Bought a potion of invisibility for 104 gold pieces
 15206 | D:10     | Found a staircase to the Lair.
 15228 | Lair:1   | Entered Level 1 of the Lair of Beasts
 15241 | Lair:1   | Reached XP level 11. HP: 71/93 MP: 12/12
 15257 | Lair:1   | Noticed a catoblepas
 15801 | Lair:1   | Killed a catoblepas
 15980 | Lair:1   | Reached skill level 10 in Long Blades
 16595 | Lair:2   | Found a dark tunnel.
 16655 | Volcano  | Entered a volcano
 17027 | Lair:1   | Reached skill level 5 in Stealth
 17105 | Lair:1   | Reached ***** piety under Dithmenos
 17287 | Lair:2   | Reached skill level 1 in Armour
 17478 | Lair:2   | Noticed a six-headed hydra
 17509 | Lair:3   | Noticed an oklob plant
 17516 | Lair:3   | Noticed a death yak
 17517 | Lair:3   | Noticed a death yak
 17573 | Lair:2   | Noticed an eight-headed hydra
 17729 | D:11     | Reached XP level 12. HP: 93/102 MP: 13/13
 18725 | D:12     | Noticed a two-headed ogre
 18754 | D:12     | Killed a two-headed ogre
 19122 | D:13     | Noticed a centaur warrior
 19122 | D:13     | Noticed a centaur warrior
 19123 | D:13     | Noticed a centaur warrior
 19124 | D:13     | Noticed a tengu warrior
 19364 | D:10     | Killed a two-headed ogre
 19365 | D:10     | Reached skill level 10 in Evocations
 19367 | D:10     | Killed Erica
 19411 | D:10     | Found a snail-covered altar of Cheibriados.
 19411 | D:10     | Found Cheibriados's Comfort Zone.
 19517 | D:10     | Noticed a two-headed ogre
 19530 | D:10     | Killed a two-headed ogre
 19557 | D:10     | Identified the flux talisman of Loss {rCorr Dex+3}
 20069 | Lair:2   | Gained mutation: You can hop long distances. [Barachi
                  | growth]
 20069 | Lair:2   | Reached XP level 13. HP: 108/109 MP: 14/14
 20127 | Lair:2   | Reached skill level 5 in Armour
 20473 | Lair:2   | Found a staircase to the Snake Pit.
 21350 | Lair:3   | Reached skill level 10 in Dodging
 21677 | Lair:3   | Found a staircase to the Swamp.
 21984 | Lair:4   | Found the amulet of Vitality {Regen++ RegenMP++}
 22104 | Lair:4   | Found a staircase to the Slime Pits.
 22106 | Lair:4   | Found a viscous altar of Jiyva.
 22435 | Lair:5   | Entered Level 5 of the Lair of Beasts
 22435 | Lair:5   | Noticed a dire elephant
 22644 | Lair:5   | Killed a dire elephant
 22676 | Lair:5   | Reached XP level 14. HP: 115/121 MP: 15/15
 22696 | Lair:5   | Reached skill level 15 in Fighting
 23026 | Lair:5   | Identified the +0 great sword of Destiny {speed, rElec
                  | rPois}
 23321 | Lair:5   | Found the +4 robe of Folly {Brill Will-∞ Int+8}
 23762 | D:13     | Noticed Sonja
 23781 | D:13     | Killed Sonja
 24842 | D:13     | Identified the +3 trident of Ignis's Wrath {flame, Str+2}
 25017 | D:14     | Found a blossoming altar of Fedhas.
 25465 | D:13     | Reached XP level 15. HP: 82/129 MP: 16/16
 25615 | D:14     | Found a runed translucent gate.
 25615 | D:14     | Found a runed translucent gate.
 25616 | D:14     | Found a runed translucent gate.
 25616 | D:14     | Found a roughly hewn altar of Beogh.
 25616 | D:14     | Identified the +2 kite shield "Bienaelo" {rF- Regen+
                  | Stlth+}
 25616 | D:14     | Noticed an orc warlord
 25617 | D:14     | Noticed Roesadwodu's ghost (journeyman GrEE)
 25640 | D:14     | Reached skill level 15 in Long Blades
 25648 | D:14     | Identified the amulet of the Philosopher {rC+ RegenMP+
                  | Str+4}
 25925 | D:14     | Found a gate to the Vaults.
 26081 | D:14     | Reached skill level 15 in Dodging
 26231 | D:15     | Entered Level 15 of the Dungeon
 26388 | Orc:1    | Entered Level 1 of the Orcish Mines
 26417 | Orc:1    | Paralysed by an orc sorcerer for 3 turns
 26469 | Orc:1    | Reached ****** piety under Dithmenos
 26629 | Orc:1    | Found a roughly hewn altar of Beogh.
 26993 | Orc:2    | Entered Level 2 of the Orcish Mines
 26994 | Orc:2    | Found a staircase to the Elven Halls.
 27076 | Orc:2    | Found a roughly hewn altar of Beogh.
 27391 | Orc:2    | Noticed an orc warlord
 27544 | Orc:2    | Killed an orc warlord
 28191 | Orc:2    | Found Yjowux's Antique Armour Shoppe.
 28192 | Orc:2    | Found Tupoudi Jopt's Antique Weapon Shoppe.
 28197 | Orc:2    | Found Uromen's General Store.
 28197 | Orc:2    | Found Hismieme's Jewellery Emporium.
 28255 | Orc:2    | Bought a pair of boots for 81 gold pieces
 28268 | Orc:2    | Bought a potion of curing for 39 gold pieces
 28268 | Orc:2    | Bought a potion of curing for 39 gold pieces
 28269 | Orc:2    | Bought a ring of willpower for 425 gold pieces
 28269 | Orc:2    | Bought a ring of protection from cold for 425 gold pieces
 28777 | D:15     | Found Saresk's Jewellery Emporium.
 28984 | D:15     | Reached skill level 1 in Shapeshifting
 29216 | D:15     | Found a staircase to the Depths.
 29703 | Snake:1  | Entered Level 1 of the Snake Pit
 29852 | Snake:1  | Reached XP level 16. HP: 138/138 MP: 19/19
 30081 | Snake:1  | Noticed Louise
 30114 | Snake:1  | Killed Louise
 30115 | Snake:1  | Reached skill level 5 in Invocations
 30385 | Snake:1  | Reached skill level 5 in Shapeshifting
 30408 | Snake:1  | Noticed Jorgrun
 30445 | Snake:1  | Found a glowing golden altar of the Shining One.
 31323 | Snake:2  | Noticed Vashnia
 31566 | D:8      | Killed MirrMurr's ghost
 31846 | Snake:2  | Noticed Frances
 32400 | Snake:2  | Killed Vashnia
 33532 | Snake:3  | Noticed Nikola
 33547 | Snake:3  | Learned a level 3 spell: Passwall
 33630 | Snake:3  | Killed Nikola
 33712 | Snake:3  | Reached XP level 17. HP: 100/137 MP: 23/23
 33758 | Snake:3  | Reached skill level 10 in Shapeshifting
 33793 | Snake:3  | Noticed Saint Roka
 33921 | Snake:3  | Killed Saint Roka
 34059 | Snake:3  | Identified the serpent talisman of Spite {Dex+6}
 34059 | Snake:3  | Noticed Aizul
 34089 | Snake:3  | Killed Aizul
 35412 | Snake:4  | Entered Level 4 of the Snake Pit
 36340 | Snake:4  | Found Fuxajex's Tiny Tomes.
 37027 | Snake:4  | Reached skill level 15 in Shapeshifting
 37171 | Snake:4  | Reached XP level 18. HP: 151/151 MP: 24/24
 37517 | Snake:4  | Got a serpentine rune of Zot
 37933 | Swamp:1  | Entered Level 1 of the Swamp
 38207 | D:15     | Bought a granite talisman for 1080 gold pieces
 38404 | Swamp:1  | Reached skill level 1 in Shields
 38965 | Swamp:2  | Reached skill level 5 in Shields
 39566 | Swamp:2  | Found a runed translucent door.
 40292 | Swamp:4  | Entered Level 4 of the Swamp
 40305 | Swamp:4  | Reached skill level 10 in Shields
 40419 | Swamp:4  | Noticed Donald
 40431 | Swamp:4  | Killed Donald
 40445 | Swamp:4  | Reached XP level 19. HP: 157/157 MP: 25/25
 40683 | Swamp:4  | Found a basalt altar of Yredelemnul.
 41141 | Swamp:4  | Found a blossoming altar of Fedhas.
 41431 | Orc:2    | Bought a ring of resist corrosion for 260 gold pieces
 41793 | Swamp:4  | Got a decaying rune of Zot
 42183 | Elf:1    | Entered Level 1 of the Elven Halls
 42535 | D:14     | Killed Roesadwodu's ghost
 42880 | Elf:1    | Found Raxatucw's General Store.
 43126 | Elf:1    | Paralysed by an air elemental for 1 turns
 43530 | Elf:2    | Found a shimmering blue altar of Sif Muna.
 43610 | Elf:2    | Paralysed by an air elemental for 1 turns
 43907 | Elf:2    | Reached skill level 10 in Invocations
 43910 | Elf:2    | Found a runed translucent gate.
 43911 | Elf:2    | Found a runed translucent gate.
 43911 | Elf:2    | Found a runed translucent gate.
 44065 | Elf:2    | Found Saphimyr's Antique Weapon Boutique.
 44362 | Elf:3    | Entered Level 3 of the Elven Halls
 44602 | Vaults:1 | Entered Level 1 of the Vaults
 45076 | Vaults:1 | Found a portal to a secret trove of treasure.
 45108 | Vaults:1 | Reached XP level 20. HP: 121/170 MP: 27/27
 46018 | Vaults:2 | Found a crumbling gateway.
 46034 | Vaults:2 | Identified a scroll of acquirement
 46049 | Desolati | Entered the Desolation of Salt
 46171 | Desolati | Got the Precepts of the Grue
 46172 | Desolati | Identified the ring of Iqoh Waoc {rPois rF+ MP+9 Slay+4}
 46612 | Desolati | Found the +6 lightning scales {swift, rElec}
 46650 | Desolati | Identified the +2 dagger of Bapoani {freeze, rN+ Will+
                  | MP+9}
 46726 | Desolati | Identified the +8 lajatang "Hiamaheo" {freeze, Str+3 Dex+2}
 46727 | Desolati | Identified the +2 leather armour of Lugonu's Fury {rF+
                  | Regen+ Stlth-}
 47250 | Vaults:2 | Found a staircase to the Crypt.
 47312 | Vaults:2 | Reached XP level 21. HP: 183/183 MP: 28/28
 47453 | Vaults:2 | Found Bokkuox's Armour Emporium.
 47607 | Vaults:2 | Noticed Norris
 47616 | Vaults:2 | Killed Norris
 48013 | D:15     | Bought a ring of willpower for 450 gold pieces
 49020 | Elf:3    | Learned a level 5 spell: Irradiate
 49511 | Elf:3    | Reached skill level 1 in Conjurations
 49512 | Elf:3    | Identified the +9 great sword of Equilibrium {heavy, Int+4}
 49512 | Elf:3    | Identified the ring "Irior Ysisu" {rElec rC+}
 49520 | Elf:3    | Reached skill level 1 in Alchemy
 49529 | Elf:3    | Identified the +6 whip of Vifoag {freeze, rF++}
 49529 | Elf:3    | Identified the ring "Wauqyg" {Fire rElec rPois Will+ Dex-4}
 49636 | Elf:3    | Identified the +2 robe of the Lair of Beasts {rElec}
 50152 | Elf:3    | Identified the +4 short sword of Igamp {holy, Int+2}
 50156 | Elf:3    | Identified the +0 ring mail "Weschy Vilue" {-Cast +Blink
                  | Fly rC- Str+5}
 50156 | Elf:3    | Identified the +1 shortbow of the Wraith {antimagic, rC++}
 50183 | Elf:3    | Identified the +0 tower shield "Siagi" {Dex+3 SInv}
 50240 | Elf:3    | Got the Compendium of Cursed Toxicants
 51700 | Vaults:3 | Reached XP level 22. HP: 194/194 MP: 30/30
 51978 | Vaults:3 | Paralysed by a sphinx for 4 turns
 51991 | Vaults:3 | Reached skill level 5 in Conjurations
 51991 | Vaults:3 | Reached skill level 5 in Alchemy
 52050 | Vaults:3 | Reached skill level 5 in Spellcasting
 52528 | Vaults:3 | Identified the +1 helmet of the Thunderstorm {rC+ Str+3
                  | Int+4}
 52705 | Vaults:4 | Identified the +4 robe "Sorghume" {rN+ Will+++ rCorr Int-4}
 52705 | Vaults:4 | Noticed Boris
 52725 | Vaults:4 | Killed Boris
 52972 | Vaults:4 | Found Odiwoyf's Assorted Antiques.
 52978 | Vaults:4 | Bought a potion of curing for 87 gold pieces
 52978 | Vaults:4 | Bought a scroll of fear for 116 gold pieces
 53439 | Vaults:4 | Found Fecud's Antique Weapon Shoppe.
 53715 | Vaults:5 | Entered Level 5 of the Vaults
 53721 | Vaults:5 | Identified the orb of Haoruz {light, rF+ rN+}
 53721 | Vaults:5 | Noticed Frederick
 53725 | Vaults:5 | Reached XP level 23. HP: 203/203 MP: 32/32
 53744 | Vaults:5 | Killed Frederick
 53771 | Vaults:5 | Noticed an ancient lich
 53781 | Vaults:5 | Killed an ancient lich
 53782 | Vaults:5 | Reached skill level 15 in Evocations
 53910 | Vaults:5 | Acquired 739 gold pieces
 53979 | Vaults:5 | Noticed a golden dragon
 53995 | Vaults:5 | Killed a golden dragon
 54144 | Vaults:5 | Got a silver rune of Zot
 54357 | Vaults:5 | Noticed a dread lich
 54363 | Vaults:5 | Killed a dread lich
 54730 | Vaults:5 | Got Sif Muna's Quarto of the Heated Vertex
 54870 | Vaults:5 | Reached XP level 24. HP: 211/211 MP: 32/32
 54877 | Vaults:5 | Noticed a dread lich
 54878 | Vaults:5 | Killed a dread lich
 55137 | Vaults:5 | Found Gufoskau's Magic Scroll Shop.
 55154 | Vaults:5 | Bought 2 scrolls of blinking for 255 gold pieces
 55154 | Vaults:5 | Bought a scroll of teleportation for 51 gold pieces
 55154 | Vaults:5 | Bought a scroll of butterflies for 68 gold pieces
 55154 | Vaults:5 | Bought a scroll of blinking for 127 gold pieces
 55154 | Vaults:5 | Bought a scroll of enchant weapon for 127 gold pieces
 55158 | Vaults:5 | Bought a scroll of immolation for 68 gold pieces
 55383 | Depths:1 | Entered Level 1 of the Depths
 55532 | Depths:1 | Found a gateway to Hell.
 55645 | Depths:1 | Found a one-way gate leading to the halls of Pandemonium.
 55703 | Depths:1 | Noticed Mara
 55715 | Depths:1 | Noticed Sergey's illusion
 55723 | Depths:1 | Noticed Sergey's illusion
 55782 | Depths:1 | Killed Mara
 55787 | Depths:1 | Reached skill level 15 in Shields
 56336 | Depths:2 | Noticed a juggernaut
 56363 | Depths:2 | Killed a juggernaut
 56807 | Depths:2 | Identified the +2 lajatang "Afaca" {heavy, rF+ MP+9 Int+3}
 56879 | Depths:2 | Identified the +1 morningstar "Wet Ifu" {flame, rCorr Str-4
                  | Dex-4 Stlth+}
 56951 | Depths:2 | Identified the +1 trident of Qazlal's Outrage {flame,
                  | ^Contam rPois MP+9 Int+7}
 56983 | Depths:2 | Reached XP level 25. HP: 221/221 MP: 32/32
 57080 | Depths:2 | Noticed a juggernaut
 57081 | Depths:2 | Noticed a juggernaut
 57094 | Depths:2 | Killed a juggernaut
 57098 | Depths:2 | Killed a juggernaut
 57139 | Depths:2 | Identified the +0 orcbow "Xorem" {freeze, Str+2}
 57199 | Depths:2 | Found a one-way gate to the infinite horrors of the Abyss.
 57322 | Depths:3 | Identified the staff of Odoot {rElec rF+ Will+ Int-2 Fire}
 57353 | Depths:3 | Found a one-way gateway to a ziggurat.
 57374 | Depths:3 | Found a glowing silver altar of Zin.
 57823 | Depths:3 | Reached skill level 10 in Alchemy
 57831 | Depths:3 | Reached skill level 10 in Conjurations
 57880 | Depths:3 | Identified the +9 kite shield of Zuvuz {SInv}
 58537 | Depths:4 | Entered Level 4 of the Depths
 58998 | Depths:4 | Noticed Sojobo
 59010 | Depths:4 | Killed Sojobo
 59119 | Depths:4 | Noticed Margery
 59180 | Depths:4 | Killed Margery
 59231 | Depths:4 | Found a gate to the Realm of Zot.
 59271 | Depths:4 | Noticed Vv
 59460 | Depths:4 | Noticed the Enchantress
 59487 | Depths:4 | Killed the Enchantress
 60428 | Zot:1    | Entered Level 1 of the Realm of Zot
 60480 | Depths:4 | Reached XP level 26. HP: 231/231 MP: 36/36
 62785 | Vaults:1 | You paid a toll of +3 storm dragon scales to enter a
                  | treasure trove
 62786 | Trove    | Entered a treasure trove
 62797 | Trove    | Identified the amulet "Pajyb" {Faith rElec rPois}
 62800 | Trove    | Identified the ring "Fir Teid" {^Drain rElec rF+ rC- rCorr}
 62810 | Trove    | Identified the ring "Jas Xego" {rN+ rCorr Int+6 Dex+3}
 63344 | Zot:3    | Reached XP level 27. HP: 238/238 MP: 6/36
 63960 | Zot:4    | Noticed an orb of fire
 63971 | Zot:4    | Gained mutation: You are frail. (-10% HP) [an orb of fire]
 63974 | Zot:4    | Gained mutation: Your mind is acute. (Int +4, Str/Dex -1)
                  | [an orb of fire]
 63980 | Zot:4    | Killed an orb of fire
 64695 | Zot:5    | Entered Level 5 of the Realm of Zot
 64803 | Zot:5    | Found a transporter.
 64933 | Zot:5    | Found a transporter.
 64947 | Zot:5    | Found a transporter.
 64949 | Zot:5    | Found a transporter.
 65204 | Zot:5    | Noticed a dread lich
 65212 | Zot:5    | Killed a dread lich
 65361 | Zot:5    | Noticed an orb of fire
 65560 | Zot:5    | Noticed an orb of fire
 65567 | Zot:5    | Gained mutation: You are vulnerable to heat. (rF-) [an orb
                  | of fire]
 65568 | Zot:5    | Noticed an orb of fire
 65569 | Zot:5    | Killed an orb of fire
 65574 | Zot:5    | Killed an orb of fire
 65659 | Zot:5    | Noticed an orb of fire
 65667 | Zot:5    | Lost mutation: You are frail. (-10% HP) [potion of
                  | mutation]
 65667 | Zot:5    | Lost mutation: You are vulnerable to heat. (rF-) [potion of
                  | mutation]
 65667 | Zot:5    | Gained mutation: Your muscles are strong. (Str +4, Int/Dex
                  | -1) [potion of mutation]
 65667 | Zot:5    | Lost mutation: Your muscles are strong. (Str +4, Int/Dex
                  | -1) [potion of mutation]
 65667 | Zot:5    | Gained mutation: Your mind is very acute. (Int +8, Str/Dex
                  | -2) [potion of mutation]
 65680 | Zot:5    | Noticed an orb of fire
 65683 | Zot:5    | Gained mutation: Your body sometimes deteriorates upon
                  | taking damage. [an orb of fire]
 65683 | Zot:5    | Lost mutation: Your body sometimes deteriorates upon taking
                  | damage. [an orb of fire]
 65688 | Zot:5    | Gained mutation: You are vulnerable to cold. (rC-) [an orb
                  | of fire]
 65694 | Zot:5    | Gained mutation: You are weak. (Str -2) [an orb of fire]
 65695 | Zot:5    | Killed an orb of fire
 65847 | Zot:5    | Noticed an orb of fire
 65854 | Zot:5    | Got the Orb of Zot
 65904 | Zot:5    | Gained mutation: Your body sometimes deteriorates upon
                  | taking damage. [a cacodemon]
 66305 | D:7      | Identified the +3 robe "Ponafit" {Int+4}
 66305 | D:7      | Noticed Boris
 66319 | D:7      | Killed Boris
 66362 | D:6      | Noticed Ynymaju the pandemonium lord
 66529 | D:$      | Escaped with the Orb!

Illustrated notes

Levels and vault maps discovered:
D:1:      dpeg_arrival_rhombus, layout_basic, minmay_misc_feat_diagonals
D:2:      layout_basic, shapermc_ecumenical_altar_mp_highgroup
D:3:      layout_loops_ring, mainiacjoe_sewer_entry_somewhere_in_here_1
D:4:      layout_basic, grunt_temple_overflow_open,
          minmay_temple_entry_stoned_glass, chequers_big_river, uniq_duvessa
D:5:      layout_loops_corners, serial_shops, shop
D:6:      layout_loops_corners, st_stairs_10, item_on_display_a, uniq_jeremiah
D:7:      layout_basic, doesnt_shop_hydraphobe
D:8:      layout_loops_corners, ebering_ghost_inner_flame, minmay_orc_keep
D:9:      layout_long_grid, david_orc_3
D:10:     layout_basic, lair_entry_dummy, dk_noncrumbling_4, minmay_shop_chei,
          uniq_erica
D:11:     layout_gridville
D:12:     layout_rooms
D:13:     nzn_winding_woodlands_small [nzn_winding_woodlands_5x15_eye,
          nzn_winding_woodlands_center_garden,
          nzn_winding_woodlands_5x15_split_checker], layout_gridville,
          uniq_sonja
D:14:     layout_roguey, skrybe_vaults_entry_preservation, minmay_holes,
          biasface_ghost_orc_armoury, fedhas_altar_3
D:15:     grunt_enter_depths_hoard, layout_irregular_city, serial_shops,
          nicolae_shop_gaudy_bauble, minmay_misc_feat_more_columns
Lair:1:   layout_layer_cave, lemuel_fruit_fields
Lair:2:   layout_loops_ring, nicolae_snake_entry_squirm,
          nicolae_volcano_entry_two_sided
Lair:3:   layout_regular_city, palyth_hydra_swamp_entry,
          minmay_stone_trees_small, serial_bayou_pond_e, grunt_megastairs_4
Lair:4:   layout_cave_pods, slime_entry_1, serial_forest,
          infiniplex_forest_end_2, infiniplex_forest_zigzag_2,
          infiniplex_forest_lined_room_2, infiniplex_forest_lined_3_way,
          st_stairs_4
Lair:5:   gammafunk_lair_ancient_temple, layout_regular_city,
          dreamdust_deal_with_the_devil
Swamp:1:  layout_basic_swamp, evilmike_swamp_ruin_house_1, swamp_pool_1_2,
          nicolae_swamp_long_stream, infiniplex_staircase_pool_2
Swamp:2:  gammafunk_mikee_crab_dinner, layout_basic_swamp,
          evilmike_swamp_ruin_house_5, swamp_pool_5
Swamp:3:  layout_falls_marsh, evilmike_swamp_ruin_house_6, swamp_pool_1_2
Swamp:4:  byrel_swamp_growth_death_and_undeath, layout_basic_swamp,
          swamp_pool_1_2, infiniplex_staircase_pool, uniq_donald
Snake:1:  layout_honeycomb, basic_altar, grunt_megastairs_5, uniq_louise,
          uniq_jorgrun
Snake:2:  layout_misc_corridors, uniq_frances, uniq_vashnia
Snake:3:  hangedman_cross_veins, layout_chambers, uniq_saint_roka, uniq_aizul,
          uniq_nikola
Snake:4:  snake_pit, layout_misc_corridors, nicolae_shop_i_like_small_books_too,
          nicolae_large_snake_swirl
Orc:1:    layout_caves, basic_altar, regret_index_minedec_shroomtown_chain,
          mines5_lemuel
Orc:2:    st_orc_congregation, layout_caves, basic_altar
Elf:1:    eino_elf_arrival_shootout, layout_geoelf_octagon, serial_shops,
          nicolae_shop_waterfront, hangedman_corner_corridor
Elf:2:    nicolae_elf_blades_crystal_corner, layout_loops_corners, serial_shops,
          shop, hellmonk_sif_muna_bookshelves
Elf:3:    minmay_elf_hall_spiked, layout_loops_corners, grunt_ministairs_8,
          columned_hall_lemuel
Vaults:1: nicolae_vaults_closet_pinwheel_6, nicolae_vaults_tetromino_L_1,
          nicolae_vaults_diagonal_hallway_8, vaults_dpeg_doors,
          nicolae_vaults_apartment_1, nicolae_vaults_shipping_containers_1,
          nicolae_vaults_little_squares_6, nicolae_vaults_tetromino_Z_2,
          v_misc_22, layout_vaults_omnigrid, enter_trove_3
Vaults:2: portal_desolation_entry_nicolae_nacl, v_rooms_3,
          nicolae_vaults_little_squares_2, v_alt_pattern_1, v_misc_3, v_misc_4,
          v_misc_22, minmay_crypt_entry_nasty_monster, v_misc_24, serial_ice_b,
          v_misc_1, nicolae_vaults_taking_the_gang_shopping, v_misc_22,
          vaults_room_ringed_pool, grunt_vaults_trifunnel,
          hangedman_vaults_stretched_pinwheel, layout_vaults_maze, uniq_norris
Vaults:3: hangedman_vaults_impose, vaults_room_corners,
          nicolae_vaults_oval_intersection, nicolae_vaults_display_case,
          vaults_standard_mumra_x, nicolae_vaults_six-pack,
          nicolae_vaults_storage_room_statues, nicolae_vaults_heist,
          nicolae_vaults_specimen_jars, nicolae_vaults_closet_pinwheel_2,
          vaults_dpeg_ring, layout_vaults_omnicross
Vaults:4: v_misc_2, grunt_vaults_funnel, v_pattern_5,
          nicolae_vaults_shipping_containers_4, hangedman_vaults_river_flow,
          nicolae_vaults_prndl, nicolae_vaults_windows_and_doors_thing,
          nicolae_vaults_network_periphery, ontoclasm_vaults_claustrophobia,
          vaults_room_stairs_pillars, nicolae_vaults_tetromino_Z_2,
          layout_vaults_ring, serial_shops, shop, nicolae_shop_trees, uniq_boris
Vaults:5: uniq_frederick
Depths:1: layout_gridlike, hangedman_coc_ice_floe, rand_demon_pan_entry_7,
          hangedman_decor_diamond_cutter, kennysheep_just_a_vault, uniq_mara
Depths:2: minmay_octagon_city, layout_basic, pan_entry, abyss_entry, hell_entry
Depths:3: hangedman_cross_stitches, layout_gridlike, enter_ziggurat_b,
          grunt_hell_horde, grunt_pan_entry_in_and_out, abyss_entry_crystal,
          zin_angel
Depths:4: grunt_twist_and_shout, layout_small_grid, minmay_misc_feat_room,
          regret_index_abyss_entry_earlier_magic, pf_hell_entry_tar_river,
          serial_co_window_serial, co_window_corner_a,
          co_window_of_opportunity_a, co_window_of_opportunity_a,
          co_window_of_opportunity_a, co_window_cross_1, co_window_corner_a,
          co_window_paths_a, co_window_of_opportunity_c, co_window_broadway_c,
          co_window_corner_b, co_window_broadway_b, co_window_corner_cb,
          glass_columns_a, glass_columns_c, glass_columns_b,
          nrook_mini_backslash, uniq_sojobo, uniq_enchantress, uniq_vv,
          uniq_margery
Zot:1:    layout_basic, grunt_ministairs_2
Zot:2:    layout_onion
Zot:3:    layout_basic, grunt_ministairs_7
Zot:4:    grunt_zot_stairs_faceoff, layout_misc_corridors,
          regret_index_zotdec_barnacled_alternative
Zot:5:    layout_basic, nicolae_diode_intersection

Skill      XL: |  1  2  3  4  5  6  7  8  9 10 11 12 13 14 15 16 17 18 19 20 21 22 23 24 25 26 27 |
---------------+----------------------------------------------------------------------------------+-----
Stealth        | 1 2 3 4 6 |  6.0
Fighting       | 2 3 4 6 7 10 11 12 14 15 16 18 20 21 22 23 24 | 24.0
Short Blades   | 1 2 3 4 6 |  6.0
Dodging        | 3 5 6 8 11 14 16 18 19 20 | 20.0
Evocations     | 3 6 10 11 13 18 20 24 | 24.9
Invocations    | 2 4 8 10 11 12 | 12.0
Long Blades    | 8 11 13 14 15 16 19 | 19.6
Armour         | 3 4 6 9 |  9.0
Shapeshifting  | 3 9 15 16 17 18 | 18.0
Shields        | 10 13 14 16 | 16.0
Conjurations   | 4 8 10 | 10.0
Alchemy        | 4 7 8 10 | 10.0
Spellcasting   | 4 5 9 |  9.0
Ranged Weapons | |  2.0
Hexes          | |  3.2
Fire Magic     | |  1.1

Action                     |  1- 3 |  4- 6 |  7- 9 | 10-12 | 13-15 | 16-18 | 19-21 | 22-24 | 25-27 || total
---------------------------+-------+-------+-------+-------+-------+-------+-------+-------+-------++-------
  Melee: Dagger            |    13 |    55 |   357 |    29 |     2 |    13 |     5 |       |     1 ||   475
         Long sword        |       |       |       |   378 |       |       |       |       |       ||   378
         Scimitar          |       |       |       |    32 |   361 |   404 |  1384 |       |       ||  2181
         Great sword       |       |       |       |       |   628 |   997 |       |       |       ||  1625
         Unarmed           |       |       |       |       |       |       |    12 |       |       ||    12
         Double sword      |       |       |       |       |       |       |    22 |  1145 |  1389 ||  2556
         Eudemon blade     |       |       |       |       |       |       |       |     3 |   191 ||   194
   Fire: Sling             |    77 |   106 |    11 |     3 |       |       |       |       |       ||   197
  Throw: Javelin           |     1 |     2 |     2 |       |       |       |       |       |       ||     5
         Dart              |       |       |     6 |    55 |    91 |    61 |    14 |       |    10 ||   237
         Throwing net      |       |       |       |     1 |       |     5 |       |       |       ||     6
   Cast: Jinxbite          |     6 |     7 |     2 |       |       |       |       |       |       ||    15
         Passwall          |       |       |       |       |       |     3 |       |       |       ||     3
         Irradiate         |       |       |       |       |       |       |       |     4 |    25 ||    29
 Invoke: Shadow Step       |       |       |       |     3 |     4 |     1 |     2 |       |       ||    10
         Shadow Form       |       |       |       |       |       |     2 |       |       |       ||     2
Ability: Hop               |     7 |     3 |     1 |     8 |     7 |    11 |     4 |     2 |     4 ||    47
         End Transformatio |       |       |       |       |       |     1 |       |       |       ||     1
  Evoke: Wand              |       |       |    10 |    18 |    50 |    16 |    32 |     7 |    15 ||   148
         Lightning rod     |       |       |       |     8 |    20 |    13 |    13 |     9 |     5 ||    68
         Phial of floods   |       |       |       |       |     1 |     5 |       |     1 |       ||     7
         Tin of tremorston |       |       |       |       |       |       |       |     5 |     6 ||    11
         Phantom mirror    |       |       |       |       |       |       |       |       |     1 ||     1
    Use: Scroll            |     1 |     2 |     9 |    17 |    13 |     3 |    11 |     4 |    18 ||    78
         Potion            |       |       |     1 |     4 |     8 |    11 |     4 |     3 |     3 ||    34
   Stab: Sleeping          |     1 |     4 |     7 |    16 |    17 |    31 |    44 |    23 |    23 ||   166
         Distracted        |       |       |     1 |     3 |     8 |    11 |     8 |     2 |     4 ||    37
         Held in net/web   |       |       |       |     1 |       |     4 |       |       |       ||     5
         Invisible         |       |       |       |     1 |       |       |       |     3 |    11 ||    15
         Confused          |       |       |       |       |       |       |     3 |       |       ||     3
 Armour: Robe              |     9 |    18 |       |       |    14 |       |       |       |       ||    41
         Scale mail        |       |    13 |   197 |   184 |       |       |       |       |       ||   394
         Skin              |       |       |     2 |       |       |   433 |  1082 |   868 |  1068 ||  3453
         Steam dragon scal |       |       |       |    91 |   342 |   403 |       |       |       ||   836
  Dodge: Dodged            |    13 |    39 |   141 |   357 |   946 |  1621 |  2029 |  1356 |  1828 ||  8330
  Block: Kite shield       |       |       |       |       |       |   202 |  1713 |  1398 |  2370 ||  5683
   Form: Statue            |       |       |       |       |       |     1 |       |       |       ||     1

Table legend: (Time is in decaauts)
 A = Elapsed time spent in this place.
 B = Non-inter-level travel time spent in this place.
 C = Inter-level travel time spent in this place.
 D = Time resting spent in this place.
 E = Time spent auto-exploring this place.
 F = Levels seen in this place.
 G = Mean time per level.
                   A        B        C        D        E       F      G
               +--------+--------+--------+--------+--------+-----+--------+
         Total |  84002 |  71545 |  12457 |   6673 |  40717 |  50 | 1680.0 |
       Dungeon |  28547 |  21958 |   6589 |   2186 |  11909 |  15 | 1903.1 |
          Lair |   7672 |   6223 |   1449 |    359 |   3955 |   5 | 1534.4 |
         Swamp |   4529 |   4117 |    412 |    568 |   1934 |   4 | 1132.2 |
     Snake Pit |   8179 |   7772 |    407 |   1721 |   3558 |   4 | 2044.8 |
  Orcish Mines |   2789 |   2119 |    670 |    142 |   1199 |   2 | 1394.5 |
   Elven Halls |   6683 |   6058 |    625 |   1163 |   3553 |   3 | 2227.7 |
        Vaults |   9412 |   8334 |   1078 |     59 |   5303 |   5 | 1882.4 |
        Depths |   7111 |   6508 |    603 |    265 |   4355 |   4 | 1777.8 |
           Zot |   7489 |   6871 |    618 |     68 |   4478 |   5 | 1497.8 |
         Trove |     56 |     56 |      0 |      0 |      3 |   1 |   56.0 |
       Volcano |    366 |    366 |      0 |     65 |     52 |   1 |  366.0 |
    Desolation |   1164 |   1164 |      0 |     72 |    414 |   1 | 1164.0 |
               +--------+--------+--------+--------+--------+-----+--------+

Top non-repeatable levels by time:
   Elf:3: 3172 daAuts
 Snake:3: 2710 daAuts
     D:1: 2622 daAuts
     D:2: 2455 daAuts
Vaults:1: 2410 daAuts
 Snake:4: 2396 daAuts
     D:6: 2373 daAuts
     D:5: 2348 daAuts
Depths:4: 2226 daAuts
  Lair:2: 2205 daAuts
Vaults:5: 2123 daAuts
   Elf:2: 2110 daAuts
   Zot:1: 1991 daAuts
    D:10: 1963 daAuts
   Orc:2: 1944 daAuts
